 Dungeon Crawl Stone Soup version 0.26.1-11-gd32895ea62 (webtiles) character file.

Game seed: 2302531430835126462

1988 Zeld the Cudgeller (level 9, -7/74 HPs)
             Began as a Purple Draconian Gladiator on June 12, 2021.
             Mangled by an orc warrior
             ... wielding a +0 war axe
              (10 damage)
             ... in a bailey.
             The game lasted 00:13:02 (11052 turns).

Zeld the Cudgeller (Purple Draconian Gladiator)    Turns: 11052, Time: 00:13:03

Health: -7/74      AC: 12    Str: 20    XL:     9   Next: 1%
Magic:  9/9        EV: 11    Int:  8    God:
Gold:   415        SH: 12    Dex: 13    Spells: 8/8 levels left

rFire    . . .     SeeInvis +   a - +4 flail (vorpal)
rCold    . . .     Faith    .   t - +3 kite shield {reflect}
rNeg     . . .     Spirit   .   (armour unavailable)
rPois    .         Reflect  +   k - +2 hat {SInv}
rElec    .         Harm     .   l - +0 cloak
rCorr    .         Rampage  .   A - +0 pair of gloves
Will     +....                  f - +0 pair of boots
Stlth    +.........             (no amulet)
HPRegen  0.22/turn              (no ring)
MPRegen  0.11/turn              (no ring)

@: short of breath
A: breathe power, unfitting armour, cold-blooded, AC +7
a: Breathe Dispelling Energy


You were in a bailey.
You visited 1 branch of the dungeon, and saw 7 of its levels.
You also visited: Bailey.

You collected 415 gold pieces.

Inventory:

Hand Weapons
 a - a +4 vorpal flail (weapon)
Missiles
 c - a throwing net (quivered)
 d - 299 stones
 e - 35 poisoned darts
 h - 3 boomerangs
Armour
 f - a +0 pair of boots (worn)
 k - a +2 hat of see invisible (worn)
 l - a +0 cloak (worn)
 t - a +3 kite shield of reflection (worn)
 A - a +0 pair of gloves (worn)
Jewellery
 i - an uncursed ring of protection from cold
Wands
 j - a wand of flame (21)
Scrolls
 p - a scroll of brand weapon {unknown}
 r - 4 scrolls of teleportation
 s - 2 scrolls of magic mapping
 u - 2 scrolls of immolation {unknown}
 w - 3 scrolls of remove curse {unknown}
 y - 4 scrolls of blinking {unknown}
Potions
 b - 2 potions of cancellation {unknown}
 g - 2 potions of magic {unknown}
 m - a potion of mutation {unknown}
 n - 2 potions of berserk rage {unknown}
 z - 2 potions of flight {unknown}


   Skills:
 + Level 5.5 Fighting
 * Level 7.4 Maces & Flails
 * Level 6.4 Throwing
 - Level 3.1 Dodging
 + Level 4.2 Shields


You had 8 spell levels left.
You didn't know any spells.
Your spell library contained the following spells:

 Spells                   Type           Power        Failure   Level
 Animate Skeleton         Necr           0%           86%         1
 Apportation              Tloc           0%           86%         1
 Corona                   Hex            0%           86%         1
 Summon Small Mammal      Summ           0%           86%         1


Dungeon Overview and Level Annotations

Branches:
Dungeon (7/15)             Temple (0/1) D:7          Bailey (1/1)

Altars:
Cheibriados
Hepliaklqana
Kikubaaqudgha
Okawaru
Sif Muna
Vehumet
The Shining One


Innate Abilities, Weirdness & Mutations

You can breathe bolts of dispelling energy.
Your rich purple scales are hard. (AC +7)
You cannot fit into any form of body armour.
You are cold-blooded and may be slowed by cold attacks.


Message History

The orc warrior hits you but does no damage.
You are too injured to fight recklessly!
You miss the orc warrior.
The orc warrior is severely wounded.
The orc warrior closely misses you.
A goblin comes into view. It is wielding a +0 hand axe.
You hit the orc warrior.
The orc warrior is almost dead.
The orc warrior barely misses you.
You barely miss the orc warrior.
The orc warrior is almost dead.
The orc warrior closely misses you.
You miss the orc warrior.
Your tail-slap misses the orc warrior.
The orc warrior is almost dead.
The orc warrior hits you with a +0 war axe!!
* * * LOW HITPOINT WARNING * * *
You closely miss the orc warrior.
The orc warrior is almost dead.
The orc warrior hits you with a +0 war axe!
You die...

##.∩.##
######'######
#∩..(≈.≈(..∩#
#'###≈.≈###+#
#..((≈.≈(...#
#'###≈=≈###+#
#....≈.≈(...#
#'###≈.≈###+#
#^...≈@≈(..^#
#'###≈o≈###'#
#....≈o≈(...#
#'###≈g≈###'#
#...(≈g≈(...#
#'###≈g≈###'#
#....≈)≈(...#
#'###≈)≈###'#
#...(≈.≈....#


You could see 2 orc warriors, a hobgoblin and 2 goblins.

Vanquished Creatures
  Prince Ribbit (D:6)
  Menkaure (D:6)
  A water moccasin (D:5)
  3 orc warriors
  2 sky beasts (D:6)
  A phantom (D:4)
  2 centaurs (D:6)
  Blork the orc (D:6)
  A bullfrog (D:6)
  A wyvern skeleton (D:6)
  A scorpion (D:4)
  A bullfrog skeleton (D:5)
  3 hounds
  3 orc wizards
  Jessica (D:3)
  2 worker ants
  2 iguanas
  A hound skeleton (D:4)
  A howler monkey skeleton (D:6)
  10 adders
  8 gnolls
  An ooze (D:1)
  An adder skeleton (D:4)
  4 worms
  4 dart slugs
  4 leopard geckos
  6 orcs
  A ball python (D:4)
  5 giant cockroaches
  7 goblins
  15 hobgoblins
  4 jackals (D:5)
  23 kobolds
  2 quokkas
  3 bats
  3 frilled lizards
  A jackal skeleton (D:4)
  A rat (D:2)
132 creatures vanquished.

Notes
Turn   | Place    | Note
-------+----------+-------------------------------------------
     0 | D:1      | Zeld the Draconian Gladiator began the quest for the Orb.
     0 | D:1      | Reached XP level 1. HP: 17/17 MP: 1/1
   313 | D:1      | Reached XP level 2. HP: 25/25 MP: 2/2
  1259 | D:2      | Reached XP level 3. HP: 30/30 MP: 3/3
  2102 | D:2      | Reached XP level 4. HP: 37/37 MP: 4/4
  3141 | D:3      | Reached skill level 4 in Maces & Flails
  3150 | D:3      | Noticed Jessica
  3157 | D:3      | Killed Jessica
  3158 | D:3      | Reached skill level 1 in Shields
  3158 | D:3      | Reached XP level 5. HP: 43/45 MP: 5/5
  3890 | D:4      | Found a snail-covered altar of Cheibriados.
  3897 | D:4      | Found an iron altar of Okawaru.
  3900 | D:4      | Found an ancient bone altar of Kikubaaqudgha.
  4422 | D:4      | Reached XP level 6. HP: 43/51 MP: 6/6
  5042 | D:4      | Reached skill level 5 in Maces & Flails
  5164 | D:4      | Found a glowing golden altar of the Shining One.
  5544 | D:5      | Entered Level 5 of the Dungeon
  5839 | D:5      | Your scales start taking on a rich purple colour.
  5839 | D:5      | Reached XP level 7. HP: 56/58 MP: 7/7
  6458 | D:5      | Found a hazy altar of Hepliaklqana.
  6458 | D:5      | Found a shimmering blue altar of Sif Muna.
  7362 | D:6      | Noticed Prince Ribbit
  7363 | D:6      | Noticed Menkaure
  8208 | D:5      | Found a shimmering blue altar of Sif Muna.
  8209 | D:5      | Found a hazy altar of Hepliaklqana.
  8550 | D:5      | Reached skill level 6 in Maces & Flails
  8550 | D:5      | Reached skill level 5 in Throwing
  8550 | D:5      | Reached XP level 8. HP: 37/67 MP: 8/8
  9147 | D:6      | Found a radiant altar of Vehumet.
  9158 | D:6      | Noticed Blork the orc
  9841 | D:6      | Killed Prince Ribbit
  9842 | D:6      | Reached skill level 5 in Fighting
  9977 | D:6      | Killed Menkaure
  9978 | D:6      | Reached skill level 7 in Maces & Flails
 10291 | D:6      | Killed Blork the orc
 10651 | D:7      | Found a flagged portal.
 10666 | Bailey   | Entered a bailey
 11032 | Bailey   | Reached XP level 9. HP: 58/74 MP: 9/9
 11051 | Bailey   | HP: 3/74 [orc warrior/+0 war axe (26)]
 11052 | Bailey   | Mangled by an orc warrior

Illustrated notes

Levels and vault maps discovered:
D:1:      erik_arrival_blinker_ship, layout_basic, serial_bayou,
          serial_bayou_pond_e, serial_bayou_shore_a, serial_bayou_shore_b,
          serial_bayou_shore_b, minmay_close_crescents
D:2:      layout_rooms
D:3:      layout_rooms, chequers_serial_rivers_micro_c, nrook_loot_triangle,
          uniq_jessica
D:4:      layout_cave_pods, grunt_temple_overflow_open, lemuel_round_altar,
          mrwooster_statue_mirror, minmay_starry_boxes
D:5:      layout_layer_cave, gammafunk_temple_overflow_wave,
          cheibrodos_gnoll_hut
D:6:      layout_basic, basic_altar, uniq_blork_the_orc, uniq_prince_ribbit1,
          uniq_menkaure
D:7:      layout_layer_cave, minmay_temple_entry_gardened_gates, enter_bailey_2,
          hangedman_abyss_or_decor_lesser_grid, uniq_joseph
Bailey:   bailey_axe_1, bailey

Skill      XL: |  1  2  3  4  5  6  7  8 |
---------------+-------------------------+-----
Throwing       | 2 3 4 5 6 |  6.4
Dodging        | 3 |  3.1
Maces & Flails | 4 5 6 7 |  7.4
Fighting       | 3 4 5 |  5.5
Shields        | 1 2 3 4 |  4.2

Action                   |  1- 3 |  4- 6 |  7- 9 || total
-------------------------+-------+-------+-------++-------
Melee: Flail             |   116 |   213 |   137 ||   466
       Tailslap          |    10 |    27 |    14 ||    51
Throw: Throwing net      |       |       |     5 ||     5
 Abil: Breathe Dispellin |       |       |     6 ||     6
  Use: Scroll            |       |    11 |     3 ||    14
       Potion            |       |       |     4 ||     4
 Stab: Sleeping          |       |     2 |     1 ||     3
       Held in net/web   |       |       |     2 ||     2
Armor: Skin              |    30 |    53 |    58 ||   141
Dodge: Dodged            |    93 |   113 |   103 ||   309
Block: Kite shield       |       |    83 |   139 ||   222
       Buckler           |       |     7 |       ||     7
       Reflection        |       |       |    64 ||    64
